 Dungeon Crawl Stone Soup version 0.25-a0-1073-gf4359a17dd (webtiles) character file.

Game seed: 16681316858307846595, levelgen mode: deterministic

1190 Flugslaktarn the Chopper (level 8, -5/42 HPs)
             Began as a Vine Stalker Fighter on May 14, 2020.
             Was an Initiate of Gozag.
             Blown up by Pikel (15 damage)
             ... with a disintegration bolt
             ... on level 5 of the Dungeon.
             The game lasted 00:02:23 (4044 turns).

Flugslaktarn the Chopper (Vine Stalker Fighter)     Turns: 4044, Time: 00:02:23

Health: -5/42      AC: 11    Str: 18    XL:     8   Next: 43%
Magic:  0/9        EV:  8    Int:  8    God:    Gozag
Gold:   251        SH: 10    Dex: 17    Spells: 7/7 levels left

rFire    . . .     SeeInvis +   a - +0 war axe
rCold    . . .     Gourm    .   c - +0 kite shield
rNeg     . . .     Faith    .   b - +0 scale mail
rPois    .         Spirit   +   p - +0 helmet
rElec    .         Reflect  .   r - scarf {repulsion}
rCorr    .         Harm     .   w - +2 pair of gloves
MR       ++...                  (no boots)
Stlth    ..........             (no amulet)
HPRegen  0.54/turn              i - ring of see invisible
MPRegen  0.11/turn              m - ring of protection from magic

@: repel missiles
A: fangs 3, regeneration 1, magic shield, antimagic bite, no potion heal 3, rot
immunity
a: Potion Petition, Call Merchant, Bribe Branch, Renounce Religion


You were on level 5 of the Dungeon.
You worshipped Gozag.
Gozag was aware of your devotion.
You were not hungry.

You visited 2 branches of the dungeon, and saw 6 of its levels.

You collected 304 gold pieces.
You paid 53 gold pieces to Gozag.

Inventory:

Hand Weapons
 a - a +0 war axe (weapon)
 q - a cursed +0 hand axe
   (You found it on level 2 of the Dungeon)
Missiles
 y - 5 curare-tipped darts (quivered)
Armour
 b - a +0 scale mail (worn)
 c - a +0 kite shield (worn)
 j - a +0 cloak
   (You found it on level 1 of the Dungeon)
 p - a +0 helmet (worn)
   (You found it on level 1 of the Dungeon)
 r - a scarf of repulsion (worn)
   (You found it on level 2 of the Dungeon)
 w - a +2 pair of gloves (worn)
   (You found it on level 2 of the Dungeon)
Jewellery
 i - a ring of see invisible (left hand)
   (You found it on level 1 of the Dungeon)
 k - an uncursed ring of resist corrosion
   (You found it on level 4 of the Dungeon)
 m - a ring of protection from magic (right hand)
   (You found it on level 2 of the Dungeon)
Scrolls
 h - 4 scrolls of immolation {unknown}
 l - 2 scrolls of remove curse {unknown}
 o - 2 scrolls of fog {unknown}
 s - a scroll of noise {unknown}
 x - 4 scrolls of identify {unknown}
 z - a scroll of fear {unknown}
 A - a scroll of enchant weapon {unknown}
 B - a scroll of amnesia {unknown}
Potions
 d - a potion of might
 f - a potion of mutation {unknown}
 g - 3 potions of haste {unknown}
 n - a potion of degeneration {unknown}
 t - 4 potions of heal wounds {unknown}
 u - a potion of berserk rage {unknown}
 v - 4 potions of cancellation {unknown}
 C - a potion of flight {unknown}
 D - a potion of brilliance {unknown}
Comestibles
 e - 4 rations


   Skills:
 + Level 4.9 Fighting
 * Level 6.2 Axes
 - Level 3.7 Armour
 + Level 2.3 Dodging
 - Level 4.0 Shields


You had 7 spell levels left.
You didn't know any spells.
Your spell library was empty.

Dungeon Overview and Level Annotations

Branches:
Dungeon (5/15)             Temple (1/1) D:4

Altars:
Ashenzari
Elyvilon
Fedhas
Gozag
Hepliaklqana
Kikubaaqudgha
Makhleb
Qazlal
Ru
Sif Muna
Trog
Uskayaw
Wu Jian
Xom
Yredelemnul
Zin

Annotations:
D:5 Pikel


Innate Abilities, Weirdness & Mutations

You have razor-sharp teeth.
Your natural rate of healing is unusually fast.
When hurt, damage is shared between your health and your magic reserves.
Your bite disrupts and absorbs the magic of your enemies.
Potions cannot restore your health.
You are immune to rotting.


Message History

You barely miss the slave. The slave barely misses you.
Pikel closely misses you. The slave hits you. x2
You slash Pikel! Your bite misses Pikel.
Pikel is severely wounded.
You slash the slave!
You closely miss the slave. x2; Pikel barely misses you.
The slave hits you. The slave barely misses you.
The slave hits you but does no damage. Pikel hits you but does no damage.
The slave hits you but does no damage. The slave closely misses you.
You slash Pikel! Your bite misses Pikel.
Pikel is almost dead.
You barely miss the slave. You hit the slave. You closely miss the slave.
The slave hits you.
Pikel zaps a wand.
You are blasted!
* * * LOW HITPOINT WARNING * * *
You block the slave's attack. x2
You are too injured to fight recklessly!
Unknown command.
The slave hits you.
* * * LOW HITPOINT WARNING * * *
Pikel zaps a wand.
You are blasted!
You die...

##........##..#.(.###.#........
##......##..###[.........#....
####.......................#....
##.............###......##.....##
#.............###.....#.##....###
..........##.##.#.....#.........#
......................<.#.....###
#.....>..#.....#........#....##
##.....###...###@####.<......#
##....###..#......#......#.##
##.####...#...p.........### ##
#.......p##..........#
#.....K.###..)......##
#####.p##..........##
##..pp.......#.# #..K........###
####.......##


You could see Pikel and 3 slaves.

Vanquished Creatures
  Sigmund (D:5)
  A slave (D:5)
  2 eyes of draining (D:4)
  3 phantoms (D:4)
  A centaur (D:5)
  Blork the orc (D:5)
  A howler monkey (D:5)
  A crimson imp (D:5)
  2 orc priests (D:3)
  A bullfrog skeleton (D:5)
  2 iguanas (D:4)
  2 orc wizards (D:4)
  A worker ant (D:5)
  A gnoll (D:4)
  5 adders
  2 oozes
  An adder skeleton (D:4)
  2 worms (D:2)
  A dart slug (D:3)
  4 leopard geckos
  13 orcs
  2 ball pythons (D:3)
  4 bats
  5 giant cockroaches
  8 goblins
  5 hobgoblins
  8 kobolds
  5 quokkas
  5 frilled lizards
  8 rats
98 creatures vanquished.

Notes
Turn   | Place    | Note
-------+----------+-------------------------------------------
     0 | D:1      | Flugslaktarn the Vine Stalker Fighter began the quest for
                  | the Orb.
     0 | D:1      | Reached XP level 1. HP: 11/11 MP: 2/2
   319 | D:1      | Reached skill level 2 in Axes
   331 | D:1      | Reached XP level 2. HP: 16/16 MP: 3/3
  1129 | D:2      | Reached XP level 3. HP: 19/19 MP: 4/4
  1580 | D:2      | Gained mutation: Your natural rate of healing is unusually
                  | fast. [Vine Stalker growth]
  1580 | D:2      | Reached XP level 4. HP: 19/24 MP: 3/5
  1974 | D:2      | Reached skill level 3 in Axes
  2162 | D:3      | Reached XP level 5. HP: 14/28 MP: 3/6
  2698 | D:4      | Noticed a phantom
  2740 | D:4      | Killed a phantom
  2740 | D:4      | Reached XP level 6. HP: 26/32 MP: 5/7
  2774 | D:4      | Noticed a phantom
  2776 | D:4      | Noticed a phantom
  2788 | D:4      | Killed a phantom
  2788 | D:4      | Reached skill level 4 in Axes
  2829 | D:4      | Killed a phantom
  2829 | D:4      | Reached XP level 7. HP: 37/37 MP: 6/8
  2970 | D:4      | Found a staircase to the Ecumenical Temple.
  3061 | Temple   | Entered the Ecumenical Temple
  3199 | Temple   | Became a worshipper of Gozag Ym Sagoz the Greedy
  3359 | D:4      | Found a bloodstained altar of Trog.
  3378 | D:4      | Reached skill level 5 in Axes
  3378 | D:4      | Reached skill level 1 in Dodging
  3850 | D:5      | Entered Level 5 of the Dungeon
  3922 | D:5      | Gained mutation: You have razor-sharp teeth. [Vine Stalker
                  | growth]
  3922 | D:5      | Reached XP level 8. HP: 39/42 MP: 9/9
  3925 | D:5      | Noticed Sigmund
  3930 | D:5      | Noticed Blork the orc
  3936 | D:5      | Killed Sigmund
  3944 | D:5      | Killed Blork the orc
  3950 | D:5      | Reached skill level 6 in Axes
  4023 | D:5      | Noticed Pikel
  4044 | D:5      | Blown up by Pikel

Illustrated notes

Levels and vault maps discovered:
D:1:      psy_arrival_basics, layout_basic
D:2:      wander_river, layout_loops_ring
D:3:      layout_loops_ring, first_ration
D:4:      layout_basic, temple_green, trog_eyes_of_draining
D:5:      layout_cave_pools, minitemple, minmay_misc_feat_square, uniq_pikel,
          uniq_blork_the_orc, uniq_sigmund
Temple:   regret_index_temple_sphere_string

Skill      XL: |  1  2  3  4  5  6  7  8 |
---------------+-------------------------+-----
Axes           | 2 3 4 5 6 |  6.2
Fighting       | 3 4 |  4.9
Shields        | 3 4 |  4.0
Armour         | 3 |  3.7
Dodging        | 1 2 |  2.3

Action                   |  1- 3 |  4- 6 |  7- 9 || total
-------------------------+-------+-------+-------++-------
Melee: War axe           |    96 |   165 |    95 ||   356
       Bite              |    28 |    47 |    38 ||   113
  Eat: Chunk             |     2 |     4 |     2 ||     8
       Ration            |       |       |     1 ||     1
Armor: Scale mail        |    57 |    62 |    28 ||   147
Dodge: Dodged            |    33 |    50 |    36 ||   119
       Repelled          |       |     5 |     3 ||     8
Block: Kite shield       |    52 |    81 |    38 ||   171

Table legend:
 A = Non-vault XP
 B = Vault XP
 C = Vault XP percentage of total XP
 D = Non-vault monster count
 E = Vault monster count
 F = Vault count percentage of total count
                 A         B        C        D         E       F
            +---------+---------+-------+---------+---------+-------
      Total |    1109 |     592 |  34.8 |      91 |       6 |   6.2
            +---------+---------+-------+---------+---------+-------
        D:1 |      26 |       0 |   0.0 |      18 |       0 |   0.0
        D:2 |     107 |       0 |   0.0 |      29 |       0 |   0.0
        D:3 |     146 |       0 |   0.0 |      25 |       0 |   0.0
        D:4 |     542 |     256 |  32.1 |      14 |       4 |  22.2
        D:5 |     288 |     336 |  53.8 |       5 |       2 |  28.6
            +---------+---------+-------+---------+---------+-------
